[Event "Titled Tuesday Blitz July 11 Late 2023"]
[White "Fiorito, Joaquin"]
[Black "Tristan, Leonardo"]
[WhiteFideId "180173"]
[BlackFideId "113816"]
[WhiteElo "2619"]
[BlackElo "2781"]
[Result "0-1"]
[Round "11"]
[TimeControl "180+2"]
[Date "2023.07.11"]
[WhiteClock "0:00:21"]
[BlackClock "0:00:06"]
[Board "23"]

1. d4 d5 2. c4 e6 3. Nc3 a6 4. Nf3 dxc4 5. a4 Nc6 6. e3 Na5 7. Nd2 c5 8. Nxc4 cxd4 9. exd4 Nf6 10. Be2 Be7 11. O-O O-O 12. Be3 Nd5 13. Nxa5 Qxa5 14. Nxd5 exd5 15. Bd3 Be6 16. Qe2 Rac8 17. f4 Bf6 18. g4 Qb4 19. Rad1 g6 20. f5 Bd7 21. Bb1 Bxa4 22. Rc1 Bb5 23. Bd3 Bxd4 24. Bxb5 Bxe3+ 25. Qxe3 Qxg4+ 26. Kh1 axb5 27. Rf4 Rxc1+ 28. Qxc1 Qe2 29. f6 Re8 30. Rf1 Qe4+ 31. Kg1 Qe3+ 32. Qxe3 Rxe3 33. Rd1 Re5 34. Rc1 Re8 35. Rc5 Rd8 36. Rxb5 d4 37. Kf1 Rd6 38. Ke2 b6 39. Kd3 Rxf6 40. Kxd4 Kg7 41. h4 h6 42. Kc4 Rc6+ 43. Kd5 Rf6 44. Ke4 Re6+ 45. Kd4 Kf6 46. Rd5 g5 47. hxg5+ hxg5 48. b4 g4 49. Kc4 Kg6 50. Kd4 f5 51. Rd8 Kg5 52. Kd5 Rg6 53. Ke5 g3 54. Rf8 g2 55. Rxf5+ Kg4 0-1


[Site "https://www.chess.com"]

[Event "Titled Tuesday Blitz July 11 Late 2023"]
[White "Krzyzanowski, Marcin"]
[Black "FromTexas54"]
[WhiteFideId "1132199"]
[WhiteElo "2772"]
[BlackElo "2566"]
[Result "1-0"]
[Round "11"]
[TimeControl "180+2"]
[Date "2023.07.11"]
[WhiteClock "0:00:12"]
[BlackClock "0:00:21"]
[Board "24"]

1. e4 e5 2. Nf3 Nc6 3. Nc3 Nf6 4. h3 g6 5. d4 exd4 6. Nxd4 Bg7 7. Nxc6 bxc6 8. Bd3 O-O 9. O-O d6 10. Bd2 Re8 11. Re1 Bd7 12. Bf1 Rb8 13. Rb1 c5 14. Bc4 Bc6 15. Qf3 Rb4 16. b3 Qa8 17. Bg5 Rxc4 18. bxc4 Nxe4 19. Nxe4 Bxe4 20. Qg3 h6 21. Bd2 Bxc2 22. Rbc1 Bf5 23. Bc3 Rxe1+ 24. Rxe1 Be6 25. Bxg7 Kxg7 26. Qc3+ Kg8 27. Rb1 Kh7 28. Rb3 g5 29. Qc2+ Kg7 30. Qb2+ Kg6 31. Rb8 Qe4 32. Rg8+ Kh5 33. Qf6 Qe1+ 34. Kh2 Qe5+ 35. Qxe5 dxe5 36. g4+ Kh4 37. Rh8 Bxg4 38. hxg4 1-0


[Site "https://www.chess.com"]

[Event "Titled Tuesday Blitz July 11 Late 2023"]
[White "Oro, Faustino"]
[Black "Pinero Rodriguez, Carlos Jose"]
[WhiteFideId "20000197"]
[BlackFideId "3901726"]
[WhiteElo "2731"]
[BlackElo "2463"]
[Result "0-1"]
[Round "11"]
[TimeControl "180+2"]
[Date "2023.07.11"]
[WhiteClock "0:00:03"]
[BlackClock "0:00:09"]
[Board "25"]

1. e4 c5 2. Nf3 e6 3. g3 a6 4. Bg2 Nc6 5. O-O Qc7 6. c4 Nf6 7. Nc3 Be7 8. d4 cxd4 9. Nxd4 O-O 10. b3 d6 11. Be3 Bd7 12. h3 Rac8 13. Qd2 Ne5 14. Rac1 Qb8 15. Rfd1 b5 16. cxb5 axb5 17. f4 Ng6 18. Qd3 b4 19. Nce2 Rfd8 20. Bd2 Qa7 21. Kh2 Qb6 22. Nc2 Bb5 23. Qf3 d5 24. exd5 Nxd5 25. Ne3 Rxc1 26. Bxc1 Bc6 27. Qf2 Bc5 28. Bxd5 Bxd5 29. Ng1 Ba8 30. Rxd8+ Qxd8 31. Qe1 Qd3 32. Qe2 Qe4 33. Qg2 Ne7 34. Qxe4 Bxe4 35. Nc4 Nd5 36. a3 bxa3 37. Bxa3 Bf2 38. Ne2 Bd3 39. Nc1 Bc2 40. b4 h6 41. b5 g5 42. fxg5 hxg5 43. Bd6 f5 44. Ne2 Be4 45. Be5 Bd3 46. Bd4 Bxc4 47. Bxf2 Bxe2 48. b6 Ba6 49. Bc5 Kf7 50. Kg1 Kg6 51. Kf2 e5 52. Ke1 e4 53. Kd2 f4 54. gxf4 gxf4 55. Bd6 e3+ 0-1


[Site "https://www.chess.com"]

[Event "Titled Tuesday Blitz July 11 Late 2023"]
[White "Matinian, Nikita"]
[Black "Al Mukhaini, Shima"]
[WhiteFideId "24129100"]
[BlackFideId "22005854"]
[WhiteElo "2719"]
[BlackElo "2380"]
[Result "0-1"]
[Round "11"]
[TimeControl "180+2"]
[Date "2023.07.11"]
[WhiteClock "0:00:02"]
[BlackClock "0:00:06"]
[Board "26"]

1. e4 d5 2. exd5 Nf6 3. d4 Bg4 4. Be2 Bxe2 5. Nxe2 Qxd5 6. O-O Nc6 7. Nbc3 Qh5 8. Nf4 Qxd1 9. Rxd1 e6 10. d5 exd5 11. Nfxd5 O-O-O 12. Bg5 Nxd5 13. Nxd5 f6 14. Bf4 Bd6 15. h4 Bxf4 16. Nxf4 Rxd1+ 17. Rxd1 Re8 18. Kf1 g6 19. c3 Re7 20. f3 Nd8 21. g4 Nf7 22. Kf2 c6 23. Ne2 Rd7 24. Rxd7 Kxd7 25. Ke3 Kd6 26. Ng3 b6 27. a4 a5 28. b3 Ke6 29. f4 Nd6 30. Ne4 c5 31. Nd2 Kd5 32. c4+ Ke6 33. Nb1 h5 34. f5+ Kf7 35. fxg6+ Kxg6 36. gxh5+ Kxh5 37. Nc3 Kxh4 38. Kf4 Kh3 39. Nd5 Kg2 40. Nxb6 Kf2 41. Nd7 Ke2 42. Nxc5 Kd1 43. Ne4 Ne8 44. c5 Kc2 45. c6 Nc7 46. Nxf6 Kxb3 47. Ke5 Kxa4 48. Kd6 Na6 49. Nd5 Kb3 50. Ne7 a4 51. Nf5 Kc3 52. Ne7 a3 53. Nd5+ Kb3 54. Nc7 Nb8 55. Nb5 a2 56. c7 Na6 57. c8=Q a1=Q 58. Qb7 Qf6+ 59. Kd7 Nc5+ 60. Kc7 Nxb7 61. Kxb7 Kb4 0-1


[Site "https://www.chess.com"]

[Event "Titled Tuesday Blitz July 11 Late 2023"]
[White "Pranav, V"]
[Black "Seletsky, Grigory"]
[WhiteFideId "25060783"]
[BlackFideId "14112191"]
[WhiteElo "2923"]
[BlackElo "2468"]
[Result "1-0"]
[Round "11"]
[TimeControl "180+2"]
[Date "2023.07.11"]
[WhiteClock "0:00:45"]
[BlackClock "0:00:12"]
[Board "27"]

1. a3 e5 2. c4 f5 3. Nc3 Nf6 4. d3 a5 5. g3 Nc6 6. Bg2 Bc5 7. Nh3 d6 8. e3 O-O 9. O-O h6 10. Nd5 Nxd5 11. cxd5 Ne7 12. Bd2 Bb6 13. Kh1 Kh8 14. Rc1 Bd7 15. f4 Ng6 16. fxe5 dxe5 17. Ng1 Rf6 18. Nf3 Qe7 19. b4 axb4 20. Bxb4 Qe8 21. d4 exd4 22. exd4 f4 23. Re1 Qg8 24. Ne5 Be8 25. Qd3 fxg3 26. hxg3 Nxe5 27. dxe5 Bg6 28. Qc3 Rf2 29. Bc5 Ra2 30. e6 Qe8 31. Bxb6 cxb6 32. Qe5 R2xa3 33. Rc7 R3a5 34. Qxg7# 1-0


[Site "https://www.chess.com"]

[Event "Titled Tuesday Blitz July 11 Late 2023"]
[White "Rustemov, Alexander"]
[Black "Przybylski, Wojciech"]
[WhiteFideId "4119002"]
[BlackFideId "1117599"]
[WhiteElo "2882"]
[BlackElo "2577"]
[Result "1-0"]
[Round "11"]
[TimeControl "180+2"]
[Date "2023.07.11"]
[WhiteClock "0:00:25"]
[BlackClock "0:00:00"]
[Board "28"]

1. d4 Nf6 2. c4 e6 3. Nf3 b6 4. a3 Be7 5. Nc3 Bb7 6. Qc2 d5 7. cxd5 Nxd5 8. e4 Nxc3 9. bxc3 O-O 10. Bd3 h6 11. O-O c5 12. Bb2 Nc6 13. Rad1 Qc7 14. Qe2 Rad8 15. d5 exd5 16. exd5 Na5 17. c4 Bd6 18. Qe4 f5 19. Qe6+ Qf7 20. Rfe1 Qxe6 21. Rxe6 Bc8 22. Re2 Ba6 23. Rc1 Nb3 24. Rc3 Na5 25. g3 g6 26. Re6 Kh7 27. Nh4 Bc8 28. Rxg6 Be7 29. Rc2 Rf7 30. Re6 Bxh4 31. gxh4 Nb3 32. Re5 Nd4 33. Bxd4 cxd4 34. f3 Rg8+ 35. Rg2 Rfg7 36. Rxg7+ Rxg7+ 37. Kf2 Kg6 38. Kg3 Kf6+ 39. Kf4 Rg2 40. Bxf5 Bxf5 41. Rxf5+ Ke7 42. Ke4 Rxh2 43. Rh5 Ra2 44. Kxd4 Rxa3 45. Rxh6 Rxf3 46. Rh7+ Kd6 47. Rxa7 Rf4+ 48. Kc3 Rxh4 49. Rb7 Ke5 50. Rxb6 Rh3+ 51. Kb4 Rh1 52. Kc5 Ra1 53. Re6+ Kf5 54. Re2 Ra8 55. Kd4 Ra1 56. Rf2+ Kg6 57. d6 Rd1+ 58. Ke5 Re1+ 59. Kd5 Rd1+ 60. Kc6 Rc1 61. c5 Rc2 62. Rxc2 1-0


[Site "https://www.chess.com"]

[Event "Titled Tuesday Blitz July 11 Late 2023"]
[White "Karttunen, Mika"]
[Black "Morefield, Jason"]
[WhiteFideId "502081"]
[BlackFideId "30920825"]
[WhiteElo "2555"]
[BlackElo "2764"]
[Result "0-1"]
[Round "11"]
[TimeControl "180+2"]
[Date "2023.07.11"]
[WhiteClock "0:00:24"]
[BlackClock "0:00:28"]
[Board "29"]

1. e4 a6 2. d4 c6 3. Bd3 d5 4. e5 c5 5. dxc5 Nc6 6. f4 e6 7. c3 Bxc5 8. Nf3 Nge7 9. b4 Ba7 10. a3 Bd7 11. Bb2 Rc8 12. Qe2 Ng6 13. g3 O-O 14. h4 f6 15. h5 Nge7 16. h6 g6 17. exf6 Rxf6 18. c4 Nf5 19. Bxf5 exf5 20. cxd5 Rf7 21. dxc6 Bxc6 22. Rh2 Bb5 23. Qe6 Rc6 24. Qb3 Kf8 25. Bg7+ Ke8 26. Ne5 Rc1+ 0-1


[Site "https://www.chess.com"]

[Event "Titled Tuesday Blitz July 11 Late 2023"]
[White "Francisco Guecamburu, Candela Be"]
[Black "Rozman, Levy"]
[WhiteFideId "160911"]
[BlackFideId "2039877"]
[WhiteElo "2568"]
[BlackElo "2739"]
[Result "0-1"]
[Round "11"]
[TimeControl "180+2"]
[Date "2023.07.11"]
[WhiteClock "0:00:01"]
[BlackClock "0:00:20"]
[Board "30"]

1. e4 c6 2. d4 d5 3. e5 c5 4. dxc5 e6 5. a3 Bxc5 6. b4 Be7 7. Bb2 a5 8. b5 Nd7 9. Nf3 f6 10. Bd3 Nh6 11. c4 Nc5 12. O-O Nf7 13. Qe2 O-O 14. Rd1 fxe5 15. Nxe5 Nxe5 16. Bxe5 Bf6 17. Nc3 d4 18. Bxf6 Qxf6 19. Ne4 Nxe4 20. Qxe4 g6 21. Re1 Bd7 22. f3 b6 23. Qe5 Rad8 24. Qxf6 Rxf6 25. Re5 Kf7 26. Rae1 Be8 27. c5 bxc5 28. Rxc5 Ke7 29. Rc7+ Kd6 30. b6 Rb8 31. Rb1 Rxb6 32. Rxb6+ Kxc7 33. Ra6 Bc6 34. Rxa5 Kd6 35. Ra7 e5 36. Ra6 Kc5 37. Ra5+ Kd6 38. Ra6 Re6 39. Bc4 Re7 40. Bb5 Rc7 41. Bd3 Rb7 42. Kf2 Rb2+ 43. Kg3 Kc5 44. Ra5+ Kd6 45. Ra6 Kc7 46. Ra7+ Kb6 47. Ra6+ Kb7 48. Ra5 Rb3 49. Bc4 Rc3 50. Bb5 Kb6 0-1


[Site "https://www.chess.com"]

[Event "Titled Tuesday Blitz July 11 Late 2023"]
[White "Chor, Kevin"]
[Black "Jarovinsky, Alexey"]
[WhiteFideId "2090740"]
[BlackFideId "14115131"]
[WhiteElo "2552"]
[BlackElo "2711"]
[Result "0-1"]
[Round "11"]
[TimeControl "180+2"]
[Date "2023.07.11"]
[WhiteClock "0:00:13"]
[BlackClock "0:00:07"]
[Board "31"]

1. e4 Nc6 2. Nf3 d6 3. Bc4 Nf6 4. d3 g6 5. O-O Bg7 6. Nbd2 Na5 7. Re1 O-O 8. h3 e5 9. a4 Nxc4 10. Nxc4 h6 11. c3 Re8 12. Qc2 b6 13. Bd2 a6 14. Rad1 Bb7 15. Bc1 Qd7 16. b3 Re7 17. Ne3 Rf8 18. Nf1 Nh5 19. d4 exd4 20. cxd4 f5 21. N1d2 fxe4 22. Nxe4 Qf5 23. Nh4 Qf7 24. Ng3 Rxe1+ 25. Rxe1 Bxd4 26. Be3 Bxe3 27. Rxe3 Nf4 28. Ne4 g5 29. Nf3 Qg6 30. Nfd2 d5 31. Qxc7 Qg7 32. Qxg7+ Kxg7 33. Nd6 Bc6 34. Nf3 Rd8 35. Nf5+ Kf6 36. Nxh6 d4 37. Ng4+ Kg7 38. Re7+ Kf8 39. Rc7 Bxf3 40. gxf3 d3 41. Ne5 d2 42. Nd7+ Ke7 43. Nc5+ Kd6 44. Ne4+ Kxc7 45. Nxg5 d1=Q+ 46. Kh2 Qe2 47. Kg3 Nd3 48. Kg4 Rd7 49. Ne6+ Kb7 50. Nf4 Nxf4 51. Kh4 Qxf2+ 52. Kg5 Qe2 53. Kh6 Qd2 54. Kg5 Qd3 55. Kf6 Qd4+ 56. Kg5 Qe5+ 57. Kh4 Rh7+ 58. Kg3 Qe3 59. Kg4 Rg7+ 60. Kf5 Qe6+ 61. Kxf4 Rf7+ 62. Kg3 Qf5 63. Kg2 Qxf3+ 64. Kh2 Qf2+ 65. Kh1 Qg3 66. h4 Rf1# 0-1


[Site "https://www.chess.com"]

[Event "Titled Tuesday Blitz July 11 Late 2023"]
[White "Rastbod, Ali"]
[Black "Jovic, Stanoje"]
[WhiteFideId "12567477"]
[BlackFideId "905020"]
[WhiteElo "2684"]
[BlackElo "2541"]
[Result "1-0"]
[Round "11"]
[TimeControl "180+2"]
[Date "2023.07.11"]
[WhiteClock "0:00:15"]
[BlackClock "0:00:00"]
[Board "32"]

1. Nf3 Nf6 2. g3 d5 3. Bg2 Bg4 4. O-O Nbd7 5. h3 Bxf3 6. Bxf3 e5 7. c4 c6 8. cxd5 cxd5 9. Nc3 e4 10. Bg2 Be7 11. d3 Nc5 12. b4 Ne6 13. dxe4 dxe4 14. Nxe4 O-O 15. a3 a5 16. b5 a4 17. Bb2 Nxe4 18. Bxe4 Qb6 19. Rb1 Rfd8 20. Qc2 h6 21. Kg2 Nd4 22. Qc4 Bf6 23. e3 Re8 24. Bd5 Ne6 25. Bxf6 gxf6 26. Qg4+ Kf8 27. Qh4 Kg7 28. Rb4 f5 29. Qh5 Rad8 30. Qxf5 Ng5 31. h4 Ne6 32. Rd1 Rc8 33. Rg4+ Kf8 34. Qf6 Rc2 35. Qxh6+ Ke7 36. Qh7 Qxe3 37. Qxc2 Qe5 38. Re4 Qf6 39. Bxe6 fxe6 40. Qc7+ 1-0


[Site "https://www.chess.com"]

[Event "Titled Tuesday Blitz July 11 Late 2023"]
[White "Shuvalova, Polina"]
[Black "Yelisieiev, Yevhenii"]
[WhiteFideId "24171760"]
[BlackFideId "14139642"]
[WhiteElo "2666"]
[BlackElo "2545"]
[Result "1-0"]
[Round "11"]
[TimeControl "180+2"]
[Date "2023.07.11"]
[WhiteClock "0:00:03"]
[BlackClock "0:00:00"]
[Board "33"]

1. e4 d6 2. d4 Nf6 3. Nc3 e5 4. Nf3 Nbd7 5. Bc4 Be7 6. O-O O-O 7. Re1 c6 8. a4 a5 9. h3 Nb6 10. Bf1 exd4 11. Nxd4 d5 12. e5 Ne8 13. Bf4 g6 14. Bh6 Ng7 15. Qd2 Re8 16. Rad1 Nd7 17. g4 Nc5 18. Bg2 Nge6 19. Nxe6 Nxe6 20. f4 Ng7 21. Ne2 Qb6+ 22. Kh1 Qxb2 23. Rf1 Bb4 24. Qd3 b6 25. Rb1 Qa3 26. Rb3 Qxa4 27. Qg3 Qa2 28. Nd4 Bc5 29. Nxc6 Qxc2 30. Bxd5 Bb7 31. Rc3 Qd2 32. Bg2 Rac8 33. Rd3 Qa2 34. Bxg7 Kxg7 35. Na7 Bxg2+ 36. Qxg2 Qxg2+ 37. Kxg2 Ra8 38. Nb5 Red8 39. Rxd8 Rxd8 40. f5 gxf5 41. gxf5 Rd2+ 42. Kf3 Rd3+ 43. Kg4 h5+ 44. Kxh5 Rxh3+ 45. Kg4 Rb3 46. Nc7 Rb4+ 47. Kh5 Rb2 48. f6+ Kh7 49. Kg5 Be3+ 50. Kf5 Rf2+ 51. Rxf2 Bxf2 52. e6 fxe6+ 53. Kxe6 Bc5 54. Nd5 a4 55. Ne7 1-0


[Site "https://www.chess.com"]

[Event "Titled Tuesday Blitz July 11 Late 2023"]
[White "Omelja, Artem"]
[Black "Palencia Morales, Wilson Guillermo"]
[WhiteFideId "14119846"]
[BlackFideId "4401859"]
[WhiteElo "2651"]
[BlackElo "2541"]
[Result "1-0"]
[Round "11"]
[TimeControl "180+2"]
[Date "2023.07.11"]
[WhiteClock "0:01:28"]
[BlackClock "0:00:35"]
[Board "34"]

1. d4 Nf6 2. c4 e6 3. Nf3 b6 4. a3 c6 5. Nc3 d5 6. Bg5 Be7 7. e3 O-O 8. Qc2 Bb7 9. cxd5 Nxd5 10. Bxe7 Qxe7 11. Bd3 h6 12. O-O Nd7 13. b4 a5 14. Nxd5 cxd5 15. b5 Rfc8 16. Qb2 Rc7 17. Rac1 Rac8 18. a4 f6 19. Nd2 Qd6 20. Bb1 e5 21. Bf5 Kf7 22. dxe5 fxe5 23. Nf3 Kf6 24. Bxd7 Rxd7 25. Rxc8 Bxc8 26. Rd1 Rc7 27. h3 Bf5 28. Rc1 Qb4 29. Qxe5+ 1-0


[Site "https://www.chess.com"]

[Event "Titled Tuesday Blitz July 11 Late 2023"]
[White "Forgacs, Attila Jr."]
[Black "Mikhailov, Viacheslav"]
[WhiteFideId "773654"]
[BlackFideId "4187369"]
[WhiteElo "2535"]
[BlackElo "2649"]
[Result "0-1"]
[Round "11"]
[TimeControl "180+2"]
[Date "2023.07.11"]
[WhiteClock "0:00:00"]
[BlackClock "0:00:08"]
[Board "35"]

1. e4 c5 2. Nf3 Nc6 3. d4 cxd4 4. Nxd4 g6 5. c4 Bg7 6. Be3 d6 7. f3 Nf6 8. Nc3 O-O 9. Qd2 Nxd4 10. Bxd4 Be6 11. b3 Qa5 12. Rc1 Rfc8 13. Be2 a6 14. O-O b5 15. cxb5 axb5 16. Rfd1 b4 17. Na4 Nd7 18. Bxg7 Kxg7 19. Qd4+ f6 20. Bc4 Bxc4 21. Rxc4 Rxc4 22. Qxc4 Ne5 23. Qe6 Qa7+ 24. Kh1 Qc7 25. h4 Ra7 26. f4 Qc2 27. Rf1 Qe2 28. Rc1 Nd3 29. Rc8 Qe1+ 30. Kh2 Qxh4+ 31. Kg1 Nxf4 32. Qg8+ Kh6 33. Qf8+ Kg5 34. Rc2 Qg4 35. Kh2 Qh4+ 36. Kg1 Qe1+ 37. Kh2 Qxe4 38. Rf2 Rc7 0-1


[Site "https://www.chess.com"]

[Event "Titled Tuesday Blitz July 11 Late 2023"]
[White "Womacka, Mathias"]
[Black "Weishaeutel, Moritz"]
[WhiteFideId "4611390"]
[BlackFideId "12967300"]
[WhiteElo "2527"]
[BlackElo "2636"]
[Result "0-1"]
[Round "11"]
[TimeControl "180+2"]
[Date "2023.07.11"]
[WhiteClock "0:00:00"]
[BlackClock "0:00:02"]
[Board "36"]

1. e4 e5 2. Nf3 Nf6 3. Nxe5 Nc6 4. Nxc6 dxc6 5. d3 Bc5 6. Be3 Bxe3 7. fxe3 Ng4 8. Qf3 Qg5 9. Qf4 h6 10. Kd2 Qb5 11. Nc3 Qxb2 12. Be2 Nf6 13. Qxc7 O-O 14. Rhf1 Qa3 15. Rxf6 gxf6 16. Rf1 Qc5 17. Rxf6 Qg5 18. Rf3 Kh8 19. Qd6 Be6 20. Rg3 Qf6 21. e5 Qd8 22. Qb4 Rg8 23. Rxg8+ Qxg8 24. Qxb7 Rd8 25. g3 Qg5 26. Qc7 Rd7 27. Qa5 f6 28. Ne4 Qxe5 29. Qxe5 fxe5 30. Nc5 Re7 31. Bf3 Bxa2 32. c4 Rf7 33. Be4 Rf2+ 34. Kc3 Bb1 35. Bxc6 Rxh2 36. d4 Rc2+ 37. Kb3 Re2 38. d5 Ba2+ 39. Kb4 a5+ 40. Kb5 Rb2+ 41. Kxa5 Bxc4 42. d6 Rd2 43. d7 Kg7 44. Nb7 Kf6 45. d8=Q+ Rxd8 46. Nxd8 Kg5 47. Bd7 h5 48. Kb4 Be2 49. Kc5 Bg4 0-1


[Site "https://www.chess.com"]

[Event "Titled Tuesday Blitz July 11 Late 2023"]
[White "Ehlvest, Jaan"]
[Black "Zhang, Derek"]
[WhiteFideId "4500016"]
[BlackFideId "2087871"]
[WhiteElo "2627"]
[BlackElo "2525"]
[Result "1-0"]
[Round "11"]
[TimeControl "180+2"]
[Date "2023.07.11"]
[WhiteClock "0:00:07"]
[BlackClock "0:00:00"]
[Board "37"]

1. e4 e6 2. d4 d5 3. exd5 exd5 4. Nf3 Bd6 5. Bd3 Ne7 6. O-O O-O 7. Bg5 f6 8. Bh4 Bf5 9. Re1 Nbc6 10. c3 Qd7 11. a4 Rae8 12. Bf1 Bg4 13. Nbd2 Nf5 14. Bg3 Nce7 15. Qb3 c6 16. a5 g6 17. Bxd6 Nxd6 18. h3 Bf5 19. Re3 Nec8 20. Rae1 Rxe3 21. Rxe3 Re8 22. Rxe8+ Qxe8 23. Qb4 Kg7 24. Nb3 Qe7 25. Nc5 b6 26. Na6 Nb7 27. axb6 axb6 28. Qb3 Nbd6 29. Nb4 Bd7 30. Qa3 Ne4 31. Qa8 Qd6 32. Ba6 Ne7 33. Qd8 c5 34. Nc2 Bf5 35. Qxd6 Nxd6 36. Ne3 Be4 37. Nd2 cxd4 38. cxd4 Nef5 39. Nxe4 dxe4 40. Nc2 Kf7 41. Kf1 Ke6 42. g4 Ne7 43. Ne3 Nd5 44. b3 f5 45. gxf5+ gxf5 46. Bc4 Nxc4 47. bxc4 Nb4 48. Ke2 f4 49. Ng4 Nc2 50. d5+ Kf5 51. Kd2 Nd4 52. Kc3 Nf3 53. Kb4 h5 54. d6 hxg4 55. d7 Nd4 56. c5 bxc5+ 57. Kc4 Ne6 58. Kd5 1-0


[Site "https://www.chess.com"]

[Event "Titled Tuesday Blitz July 11 Late 2023"]
[White "Grebeniuk, Semen"]
[Black "Merino Garcia, Rafael II"]
[WhiteFideId "14117509"]
[BlackFideId "2209128"]
[WhiteElo "2619"]
[BlackElo "2515"]
[Result "1-0"]
[Round "11"]
[TimeControl "180+2"]
[Date "2023.07.11"]
[WhiteClock "0:00:48"]
[BlackClock "0:00:17"]
[Board "38"]

1. d4 Nf6 2. Nf3 e6 3. Bg5 h6 4. Bxf6 Qxf6 5. Nbd2 d6 6. e4 g5 7. c3 Bg7 8. Bd3 Nc6 9. O-O Bd7 10. Nc4 Qe7 11. Re1 g4 12. Nfd2 h5 13. b4 Bh6 14. b5 Nd8 15. a4 Rg8 16. e5 d5 17. Ne3 f5 18. exf6 Qd6 19. Nf5 Qf8 20. Ne7 Rg5 21. c4 dxc4 22. Bxc4 Qxf6 23. Nd5 Rxd5 24. Bxd5 Qxd4 25. Nc4 Bg7 26. Rc1 Kf7 27. Be4 e5 28. Qc2 Be6 29. Bg6+ Kg8 30. Bxh5 Nf7 31. Bxf7+ Bxf7 32. Ne3 Rc8 33. Nf5 Qf4 34. Ne7+ Kh8 35. Nxc8 Bd5 36. Ne7 Bxg2 37. Ng6+ 1-0


[Site "https://www.chess.com"]

[Event "Titled Tuesday Blitz July 11 Late 2023"]
[White "Veiga, Jose Francisco R P Neves"]
[Black "Rangel, Daniel"]
[WhiteFideId "1930087"]
[BlackFideId "2124475"]
[WhiteElo "2610"]
[BlackElo "2512"]
[Result "0-1"]
[Round "11"]
[TimeControl "180+2"]
[Date "2023.07.11"]
[WhiteClock "0:01:52"]
[BlackClock "0:00:46"]
[Board "39"]

1. e4 c5 2. Nf3 g6 3. Bc4 Bg7 4. c3 e6 5. d4 cxd4 6. cxd4 d5 7. exd5 exd5 8. Bb3 Ne7 9. O-O O-O 10. Nc3 h6 11. Bf4 Nbc6 12. h3 Be6 13. Re1 Nf5 14. Be5 Nxe5 15. dxe5 Qa5 16. Nd4 Nxd4 17. Qxd4 Rfd8 18. Rad1 Rac8 19. Qa4 Qxa4 20. Nxa4 d4 21. Bxe6 fxe6 22. Re4 b5 23. Rdxd4 Rxd4 24. Rxd4 bxa4 25. Rxa4 Rc1+ 26. Kh2 Bxe5+ 27. g3 Rc2 28. Kg2 Rxb2 29. Rxa7 Rxf2+ 30. Kxf2 Bd4+ 31. Kf3 Bxa7 32. Ke4 Kf7 33. Ke5 Bb8+ 0-1


[Site "https://www.chess.com"]

[Event "Titled Tuesday Blitz July 11 Late 2023"]
[White "Pinheiro, Iung Alicio de O."]
[Black "Yurasova, Daria"]
[WhiteFideId "2104350"]
[BlackFideId "34146919"]
[WhiteElo "2596"]
[BlackElo "2493"]
[Result "1-0"]
[Round "11"]
[TimeControl "180+2"]
[Date "2023.07.11"]
[WhiteClock "0:00:49"]
[BlackClock "0:01:20"]
[Board "40"]

1. d4 d5 2. c4 c6 3. Nc3 Nf6 4. e3 e6 5. Bd3 Be7 6. Nf3 O-O 7. O-O Nbd7 8. b3 b6 9. Bb2 Bb7 10. Rc1 Rc8 11. Qe2 c5 12. cxd5 Nxd5 13. Nxd5 Bxd5 14. Ba6 Rb8 15. e4 Bb7 16. Bxb7 Rxb7 17. Rfd1 Qb8 18. d5 exd5 19. Rxd5 Nf6 20. Rg5 Qf4 21. Re1 h6 22. Be5 Qxe5 23. Rxe5 Rd7 24. Rf5 Rfd8 25. e5 Nh7 26. Qc4 Bf8 27. h4 g6 28. Rf4 Bg7 29. e6 fxe6 30. Qxe6+ Kh8 31. Qxg6 Rd6 32. Re8+ Rxe8 33. Qxe8+ 1-0


[Site "https://www.chess.com"]

[Event "Titled Tuesday Blitz July 11 Late 2023"]
[White "Buchenau, Frank"]
[Black "Vlassov, Nikolai"]
[WhiteFideId "4604350"]
[BlackFideId "4103360"]
[WhiteElo "2426"]
[BlackElo "2583"]
[Result "0-1"]
[Round "11"]
[TimeControl "180+2"]
[Date "2023.07.11"]
[WhiteClock "0:00:00"]
[BlackClock "0:00:07"]
[Board "41"]

1. e4 Nc6 2. Nf3 d5 3. exd5 Qxd5 4. Nc3 Qa5 5. Bb5 Bd7 6. O-O a6 7. Bxc6 Bxc6 8. Re1 O-O-O 9. Ne5 Be8 10. Qf3 f6 11. Nc4 Qh5 12. Qe3 Kb8 13. d3 Nh6 14. Bd2 Nf5 15. Qe2 Qxe2 16. Nxe2 e5 17. Ne3 Nh4 18. f4 e4 19. d4 Bf7 20. c4 f5 21. d5 Be7 22. Bc3 Rhg8 23. Rf1 c6 24. Nd4 cxd5 25. cxd5 Bc5 26. Rad1 Bxd5 27. Kh1 Bxa2 28. Ndxf5 Nxf5 29. Nxf5 g6 30. Be5+ Ka7 31. Nd6 e3 32. Rfe1 Bb3 33. Rc1 Bb4 34. Rxe3 Bd2 35. Rxb3 Bxc1 36. Rxb7+ Ka8 37. Rb6 Rd7 38. Rxa6+ Ra7 39. Rc6 Ra1 40. Bd4 Be3+ 0-1


[Site "https://www.chess.com"]

[Event "Titled Tuesday Blitz July 11 Late 2023"]
[White "Kaplan, Avi Harrison"]
[Black "Martinez Ramirez, Lennis"]
[WhiteFideId "30934559"]
[BlackFideId "3509079"]
[WhiteElo "2480"]
[BlackElo "2631"]
[Result "1-0"]
[Round "11"]
[TimeControl "180+2"]
[Date "2023.07.11"]
[WhiteClock "0:00:04"]
[BlackClock "0:01:06"]
[Board "42"]

1. d4 Nf6 2. c4 e6 3. Nc3 d5 4. cxd5 exd5 5. Bg5 h6 6. Bh4 Bb4 7. Nf3 g5 8. Bg3 Ne4 9. Nd2 Nxc3 10. bxc3 Bxc3 11. Rc1 Bxd4 12. Qa4+ Nc6 13. Rxc6 Bg7 14. Rxc7+ Bd7 15. Qa3 Bc6 16. e4 Qf6 17. e5 Qe6 18. Nf3 Bf8 19. Qb2 a5 20. Nd4 Bb4+ 21. Kd1 Qg6 22. Nxc6 bxc6 23. e6 O-O 24. exf7+ Rxf7 25. Rxf7 Qxf7 26. Bd3 Rf8 27. a3 Qh5+ 28. Be2 Qe8 29. axb4 Qe4 30. bxa5 Qa4+ 31. Qc2 Qa1+ 32. Qc1 Qxa5 33. Qb1 Kf7 34. Qf5+ Ke7 35. Bd6+ Kxd6 36. Qxf8+ Ke5 37. Qe7+ Kd4 38. Qe3# 1-0


[Site "https://www.chess.com"]

[Event "Titled Tuesday Blitz July 11 Late 2023"]
[White "Bjelobrk, Igor"]
[Black "Santos Flores, Alberto"]
[WhiteFideId "4300726"]
[BlackFideId "3601234"]
[WhiteElo "2628"]
[BlackElo "2533"]
[Result "1-0"]
[Round "11"]
[TimeControl "180+2"]
[Date "2023.07.11"]
[WhiteClock "0:01:29"]
[BlackClock "0:00:33"]
[Board "43"]

1. d4 d5 2. c4 c6 3. Nf3 Nf6 4. Qc2 g6 5. cxd5 cxd5 6. Bf4 Bf5 7. Qb3 Qb6 8. Qxb6 axb6 9. e3 Bxb1 10. Rxb1 Nc6 11. a3 Bg7 12. Be2 O-O 13. O-O Ne4 14. Rfc1 Rfc8 15. h3 Na5 16. Bc7 Nb3 17. Rc2 e6 18. Bd3 Bf8 19. Bxb6 Rxc2 20. Bxc2 Nbd2 21. Bxe4 Nxe4 22. Rc1 Bd6 23. Kf1 Kf8 24. Bc7 Ke7 25. Bxd6+ Kxd6 26. Ke2 Ra6 27. Nd2 Nxd2 28. Kxd2 Rb6 29. b4 Ra6 30. Rc3 Ra8 31. Kc2 Kd7 32. Kb3 Kd6 33. a4 b6 34. b5 Kd7 35. Rc6 Rb8 36. Kb4 Rb7 37. a5 bxa5+ 38. Kxa5 Rb8 39. Ra6 Rb7 40. Ra8 h5 41. Ka6 1-0


[Site "https://www.chess.com"]

[Event "Titled Tuesday Blitz July 11 Late 2023"]
[White "Deng, Henry"]
[Black "Zavgorodniy, Sergiy"]
[WhiteFideId "30965454"]
[BlackFideId "14110148"]
[WhiteElo "2522"]
[BlackElo "2589"]
[Result "0-1"]
[Round "11"]
[TimeControl "180+2"]
[Date "2023.07.11"]
[WhiteClock "0:00:38"]
[BlackClock "0:01:34"]
[Board "44"]

1. e4 c6 2. d4 d5 3. Nd2 dxe4 4. Nxe4 Bf5 5. Ng3 Bg6 6. h4 h6 7. Nf3 Nd7 8. h5 Bh7 9. Bd3 Bxd3 10. Qxd3 e6 11. c4 Ngf6 12. Ne4 Nxe4 13. Qxe4 Bb4+ 14. Bd2 Bxd2+ 15. Nxd2 Nf6 16. Qe3 O-O 17. O-O-O b5 18. Kb1 bxc4 19. Nxc4 Nd5 20. Qd2 Rb8 21. Ne5 Qd6 22. Rc1 Rfc8 23. Rc5 Rb6 24. Nc4 Qe7 25. Nxb6 axb6 26. Rc2 Qd6 27. Rhc1 Ne7 28. g4 Rd8 29. Rd1 Qd5 30. Qb4 Rd7 31. Qxb6 Qf3 32. Rdc1 Qxg4 33. Rc4 Qxh5 34. a4 Qf5+ 35. Ka1 Qxf2 36. a5 Nd5 37. Qb8+ Kh7 38. a6 Qd2 39. R4c2 Qa5+ 40. Kb1 Nb4 41. Rd1 Qa2+ 42. Kc1 Qa1+ 43. Kd2 Rxd4+ 44. Kc3 Qxd1 45. Qxb4 Qd3# 0-1


[Site "https://www.chess.com"]